 Dungeon Crawl Stone Soup version 0.27-a0-1149-g4505690ab0 (webtiles) character file.

Game seed: 7767184005051954037

133 st0uf the Twirler (level 5, -1/32 HPs)
             Began as a Gargoyle Gladiator on May 12, 2021.
             Slain by an iguana (9 damage)
             ... on level 4 of the Dungeon.
             The game lasted 00:05:20 (3251 turns).

st0uf the Twirler (Gargoyle Gladiator)              Turns: 3251, Time: 00:05:21

Health: -1/32      AC: 13    Str: 18    XL:     5   Next: 16%
Magic:  5/5        EV: 11    Int:  9    God:
Gold:   79         SH:  0    Dex: 11    Spells: 4/4 levels left

rFire    + . .     SeeInvis .   a - +0 quarterstaff
rCold    . . .     Faith    .   (shield currently unavailable)
rNeg     + . .     Spirit   .   i - +2 ring mail {rF+}
rPois    ∞         Reflect  .   c - +0 helmet
rElec    +         Harm     .   p - +0 cloak
rCorr    .         Rampage  .   (no gloves)
Will     .....                  (no boots)
Stlth    +.........             (no amulet)
HPRegen  0.10/turn              (no ring)
MPRegen  0.09/turn              (no ring)

@: no status effects
A: sickness immunity, AC +4, negative energy resistance 1, electricity
resistance, torment resistance 1, petrification resistance
a: no special abilities


You were on level 4 of the Dungeon.
You visited 1 branch of the dungeon, and saw 4 of its levels.

You collected 79 gold pieces.

Inventory:

Hand Weapons
 a - a +0 quarterstaff (weapon)
 q - a +0 dagger of holy wrath
Missiles
 d - 3 throwing nets (quivered)
 h - 90 stones
Armour
 b - a +0 leather armour
 c - a +0 helmet (worn)
 i - a +2 ring mail of fire resistance (worn)
 p - a +0 cloak (worn)
Scrolls
 e - 2 scrolls of identify {unknown}
 f - a scroll of enchant armour {unknown}
 m - a scroll of teleportation {unknown}
 n - a scroll of amnesia {unknown}
 r - 2 scrolls of noise {unknown}
 s - a scroll of brand weapon {unknown}
 t - a scroll of torment {unknown}
 u - a scroll of holy word {unknown}
Potions
 g - a potion of flight {unknown}
 j - a potion of haste {unknown}
 k - a potion of heal wounds {unknown}
 l - a potion of cancellation {unknown}
 o - a potion of degeneration {unknown}
 v - a potion of attraction {unknown}
 w - a potion of lignification {unknown}


   Skills:
 + Level 2.9 Fighting
 + Level 4.8 Staves
 + Level 2.0 Throwing
 + Level 1.8 Armour
 - Level 2.4 Dodging
 + Level 0.4 Stealth


You had 4 spell levels left.
You didn't know any spells.
Your spell library was empty.

Dungeon Overview and Level Annotations

Branches:
Dungeon (4/15)
 Temple: D:4-7

Altars:
Nemelex Xobeh
Trog


Innate Abilities, Weirdness & Mutations

You are immune to sickness and miasma.
Your stone body is resilient. (AC +4)
You are immune to poison.
You resist negative energy. (rN+)
You are resistant to electric shocks. (rElec)
You are resistant to unholy torment.
You are immune to petrification.


Message History

A hound skeleton comes into view.
Found a helmet.
Your ring mail prevents you from hitting the hound skeleton.
The hound skeleton bites you but does no damage.
You sock the hound skeleton!
The hound skeleton is moderately damaged.
The hound skeleton barely misses you.
The hound skeleton bites you but does no damage.
You hit the hound skeleton.
The hound skeleton is heavily damaged.
The hound skeleton bites you but does no damage.
You sock the hound skeleton!
You destroy the hound skeleton!
You stumble into a teleport trap!
You are suddenly yanked towards a nearby monster!
Your surroundings suddenly seem different.
An iguana comes into view.
The iguana hisses angrily.
The iguana bites you but does no damage.
Found a ring mail.
Found a stone staircase leading down.
You hit the iguana but do no damage.
The iguana bites you but does no damage.
You closely miss the iguana.
The iguana bites you but does no damage.
The iguana bites you.
You completely miss the iguana.
The iguana bites you but does no damage.
You barely miss the iguana.
The iguana hisses menacingly.
The iguana bites you.
You barely miss the iguana. The iguana misses you.
You closely miss the iguana. The iguana bites you!
You hit the iguana but do no damage.
The iguana bites you but does no damage.
You barely miss the iguana. The iguana bites you!
* * * LOW HITPOINT WARNING * * *
You closely miss the iguana. The iguana closely misses you.
You hit the iguana but do no damage. The iguana barely misses you.
You hit the iguana but do no damage. The iguana bites you!
You die...

##### ##...##
# ..... #
##.#[..##.#
#....l....###
#....@......>
#.........###
##.#...##.# #
#...# # .....
###.### #.#
#.#


You could see an iguana.

Vanquished Creatures
  A jelly (D:4)
  A hound (D:2)
  A hound skeleton (D:4)
  An adder (D:1)
  A worm (D:2)
  3 dart slugs
  An orc (D:3)
  3 ball pythons
  5 endoplasms
  2 giant cockroaches
  5 goblins
  3 hobgoblins
  2 quokkas
  5 bats
  4 frilled lizards
  3 kobolds (D:1)
  5 rats
46 creatures vanquished.

Notes
Turn   | Place    | Note
-------+----------+-------------------------------------------
     0 | D:1      | st0uf the Gargoyle Gladiator began the quest for the Orb.
     0 | D:1      | Reached XP level 1. HP: 12/12 MP: 1/1
   331 | D:1      | Found a faded altar of an unknown god.
   464 | D:1      | Reached XP level 2. HP: 17/17 MP: 2/2
  1122 | D:1      | Reached XP level 3. HP: 16/22 MP: 3/3
  1255 | D:2      | Reached skill level 4 in Staves
  1255 | D:2      | Reached skill level 1 in Armour
  1287 | D:2      | Reached XP level 4. HP: 26/27 MP: 4/4
  2465 | D:3      | Found a bloodstained altar of Trog.
  2466 | D:3      | Found a sparkling altar of Nemelex Xobeh.
  3007 | D:4      | Reached XP level 5. HP: 20/32 MP: 5/5
  3251 | D:4      | Slain by an iguana

Illustrated notes

Levels and vault maps discovered:
D:1:      scummos_arrival_forest, layout_basic,
          hellmonk_ecumenical_altar_arch_garden
D:2:      layout_basic
D:3:      layout_basic, nicolae_overflow_hidden_temple, serial_forest,
          infiniplex_forest_lined_corner, infiniplex_forest_end_2,
          infiniplex_forest_end_1, infiniplex_forest_end_3,
          infiniplex_forest_lined_3, infiniplex_forest_straight_2,
          infiniplex_forest_clump_small, infiniplex_forest_corner_2,
          infiniplex_forest_clump_C, infiniplex_forest_straight_5
D:4:      layout_loops_corners, chequers_serial_rivers_small_3, uniq_menkaure

Skill      XL: |  1  2  3 |
---------------+----------+-----
Staves         | 4 |  4.8
Throwing       | 2 |  2.0
Armour         | 1 |  1.8
Fighting       | |  2.9
Dodging        | |  2.4
Stealth        | |  0.4

Action                   |  1- 3 |  4- 6 || total
-------------------------+-------+-------++-------
Melee: Quarterstaff      |    63 |    75 ||   138
Armor: Ring mail         |    26 |    38 ||    64
       Leather armour    |     4 |       ||     4
Dodge: Dodged            |    43 |    27 ||    70

Table legend: (Time is in decaauts)
 A = Elapsed time spent in this place.
 B = Non-inter-level travel time spent in this place.
 C = Inter-level travel time spent in this place.
 D = Time resting spent in this place.
 E = Time spent auto-exploring this place.
 F = Levels seen in this place.
 G = Mean time per level.
                   A        B        C        D        E       F      G
               +--------+--------+--------+--------+--------+-----+--------+
         Total |   3265 |   3232 |     33 |    202 |   2631 |   4 |  816.2 |
       Dungeon |   3265 |   3232 |     33 |    202 |   2631 |   4 |  816.2 |
               +--------+--------+--------+--------+--------+-----+--------+

Top non-repeatable levels by time:
     D:1: 1195 daAuts
     D:2: 1084 daAuts
     D:3: 736 daAuts
     D:4: 250 daAuts
